AoeStats
← Drovka

Nomad

507896917Analyzed
4v4 RM · 11d ago on Sep 20, 2026· 40m 11s· 8 players
Game mode
Random Map
Map size
231×231
Population
200
Speed
Normal
Resources
Standard
Victory
Conquest
Starting age
Dark Age
Ending age
Imperial Age
RankedLock teamsTeams togetherTeam positionsShared explorationLock speedFull tech treeHidden civsTurbo modeCheats
Victory
Defeat
🇨🇴 Koreans · Colombia
1325
+15
🇲🇽 Chinese · Mexico
1308
+15
🇨🇴 Malay · Colombia
1265
+17
🇨🇴 Maya · Colombia
1238
+19
🇨🇴 Franks · Colombia
1300
-17
🇹🇼 Dravidians · Taiwan
1296
-17
🇦🇷 Spanish · Argentina
1293
-16
🇺🇸 Japanese · United States
1272
-16
woololoo
5:10 Loom
12:44 Feudal Age
17:52 Castle Age
16:28 Double-Bit Axe
17:06 Fishing Lines
17:42 Stone Mining
18:12 Gold Mining
19:01 Bow Saw
23:32 Medium Warships
35:41 Wheelbarrow
36:07 Careening
36:44 Guard Tower
36:48 Fletching
36:43 Pikeman
37:26 Bodkin Arrow
Nando0215
6:37 Loom
7:44 Loom
12:17 Feudal Age
13:53 Man-at-Arms
15:19 Wheelbarrow
27:15 Castle Age
27:42 Fletching
28:59 Bodkin Arrow
39:55 Husbandry
KingCobraCar
10:46 Loom
13:15 Feudal Age
14:14 Double-Bit Axe
18:55 Castle Age
19:19 Gold Mining
20:48 Fletching
22:29 Wheelbarrow
30:02 Sanctity
34:01 Redemption
bbkuan 冠宇
5:07 Loom
13:08 Feudal Age
14:50 Fletching
19:21 Castle Age
17:50 Gold Mining
18:16 Double-Bit Axe
19:37 Fishing Lines
20:33 Medium Warships
20:19 Bodkin Arrow
21:16 Bow Saw
25:57 Scale Barding Armor
30:35 Gillnets
33:40 Imperial Age
31:45 Horse Collar
32:06 Stone Mining
33:55 Sanctity
33:19 Pikeman
34:00 Scale Mail Armor
34:52 Heavy Plow
34:38 Halberdier
38:06 Chemistry
38:31 Wheelbarrow
rakz
3:47 Loom
14:08 Feudal Age
15:06 Fishing Lines
15:16 Town Watch
23:19 Castle Age
34:11 Double-Bit Axe
35:24 Gillnets
johnmaestre1
2:59 Loom
13:15 Feudal Age
13:46 Double-Bit Axe
14:34 Fletching
27:16 Castle Age
26:48 Horse Collar
28:07 Wheelbarrow
28:17 Bow Saw
28:35 Medium Warships
29:30 Bodkin Arrow
32:08 Imperial Age
29:48 Crossbowman
30:42 Thumb Ring
32:41 Gold Mining
33:40 Arbalester
38:26 Chemistry
37:45 Scale Barding Armor
39:01 Husbandry
Drovka
4:14 Loom
12:30 Feudal Age
14:10 Double-Bit Axe
15:05 Horse Collar
16:12 Gold Mining
24:34 Wheelbarrow
25:58 Stone Mining
28:14 Castle Age
32:54 Imperial Age
30:41 Bow Saw
30:32 Heavy Plow
30:47 Town Watch
34:06 Fletching
35:46 Bodkin Arrow
36:03 Forging
36:56 Two-Man Saw
37:01 Padded Archer Armor
37:18 Hand Cart
37:36 Conscription
38:42 Bracer
38:48 Elite Plumed Archer
39:45 Leather Archer Armor
MZTK | John_Wick
10:14 Loom
13:01 Feudal Age
13:05 Double-Bit Axe
13:09 Town Watch
17:53 Castle Age
16:00 Scale Barding Armor
17:15 Forging
18:50 Iron Casting
29:11 Light Cavalry
32:33 Husbandry
33:07 Fletching
39:39 Wheelbarrow
Connection lost

Rejoining the realm…

Still unreachable

The connection could not be restored.

Session expired

The server has moved on; the page needs a fresh start.